Map: Oceanborn LE

Players

Probetoss

  • Race: Protoss Protoss
  • League: Diamond
  • Spawn Location: 5:00

SubN - Winner!

  • Race: Zerg Zerg
  • League: Diamond
  • Spawn Location: 11:00

VOD

Have the link to the VOD?

Description

Time

  • Played on: Jan. 20, 2024, 4:23 p.m.
  • Length: 17:03
Show
View Real Time Build Order
Export as new Build Order

Probetoss Protoss 

Build Orders:  

Get SALT Encoding   

  12  0:00  Probe  
  13  0:12  Probe  
  14  0:19  Pylon  
  14  0:26  Probe  
  15  0:39  Gateway  
  15  0:40  Probe (Chrono Boost)  
  17  0:50  Assimilator  
  17  0:51  Probe (Chrono Boost)  
  17  1:14  Gateway  
  17  1:25  Pylon  
  17  1:27  Assimilator  
  17  1:33  Cybernetics Core  
  17  1:35  Zealot  
  19  1:53  Probe  
  20  2:12  Nexus  
  20  2:15  Probe  
  21  2:22  Adept  
  23  2:26  Sentry  
  23  2:29  Warp Gate (Chrono Boost)  
  25  2:31  Probe  
  26  2:43  Probe  
  27  2:53  Pylon  
  27  2:55  Probe  
  28  3:00  Stalker  
  30  3:11  Sentry  
  32  3:15  Probe  
  33  3:37  Probe (Chrono Boost)  
  33  3:39  Probe (Chrono Boost)  
  33  3:46  Twilight Council  
  33  3:48  Probe (Chrono Boost)  
  34  4:03  Nexus  
  34  4:08  Pylon, Stalker  
  36  4:16  Stalker  
  38  4:24  Probe (Chrono Boost)  
  38  4:30  Probe (Chrono Boost)  
  40  4:33  Blink (Chrono Boost)  
  40  4:34  Probe (Chrono Boost)  
  40  4:38  Probe (Chrono Boost)  
  42  4:39  Probe (Chrono Boost)  
  42  4:45  Shield Battery  
  43  4:48  Probe  
  43  4:51  Probe  
  45  5:00  Probe, Stalker  
  45  5:01  Stalker  
  50  5:23  Stalker  
  50  5:24  Probe x3  
  50  5:25  Stalker  
  57  5:36  Probe x2  
  57  5:40  Gateway  
  57  5:41  Gateway  
  59  5:43  Gateway  
  59  5:45  Robotics Facility  
  59  5:46  Probe  
  59  5:48  Probe  
  61  6:16  Stalker x2  
  61  6:17  Probe x3  
  68  6:21  Assimilator  
  68  6:26  Assimilator  
  68  6:29  Probe x2  
  68  6:30  Pylon  
  70  6:48  Stalker x5  
  78  7:00  Probe x2  
  78  7:01  Probe  
  81  7:09  Templar Archives  
  81  7:12  Probe  
  81  7:14  Stalker  
  81  7:15  Observer (Chrono Boost)  
  85  7:16  Pylon  
  85  7:19  Pylon  
  85  7:20  Assimilator  
  85  7:21  Pylon  
  85  7:23  Charge (Chrono Boost)  
  85  7:24  Assimilator  
  85  7:27  Forge  
  85  7:30  Forge  
  85  7:34  Probe x2, Warp Prism (Chrono Boost)  
  89  7:39  Pylon  
  89  7:41  Pylon  
  89  7:44  Pylon  
  89  7:48  Psionic Storm, Pylon  
  89  7:50  Pylon  
  89  7:55  Probe x2  
  91  8:00  Stalker x5  
  75  8:42  Stalker x5  
  75  8:48  Probe x2  
  87  8:59  Protoss Ground Weapons Level 1 (Chrono Boost)  
  87  9:00  Protoss Ground Armor Level 1 (Chrono Boost)  
  87  9:07  Photon Cannon  
  87  9:11  Photon Cannon  
  87  9:13  Photon Cannon  
  87  9:15  Photon Cannon x2  
  87  9:21  Photon Cannon  
  87  9:22  Pylon x2  
  87  9:23  Photon Cannon  
  87  9:25  Photon Cannon  
  87  9:27  Shield Battery, High Templar x3  
  87  9:28  Photon Cannon  
  87  9:29  High Templar  
  87  9:30  Photon Cannon  
  95  9:38  Shield Battery  
  95  9:40  High Templar  
  95  9:42  Probe (Chrono Boost)  
  95  9:43  Probe (Chrono Boost)  
  99  9:50  Probe (Chrono Boost)  
  99  9:51  Photon Cannon  
  99  9:52  Photon Cannon  
  100  10:01  Probe x3 (Chrono Boost)  
  100  10:04  High Templar x3  
  100  10:06  Probe x2  
  105  10:28  Assimilator  
  103  10:43  Stalker  
  103  10:46  Stalker x3  
  111  10:55  Gateway  
  111  10:57  Gateway  
  111  10:58  Gateway  
  111  11:00  Gateway  
  111  11:01  Zealot  
  111  11:03  Protoss Ground Armor Level 2 (Chrono Boost), Protoss Ground Weapons Level 2 (Chrono Boost)  
  113  11:05  Warp Prism  
  115  11:29  Zealot x5  
  115  11:30  Nexus  
  125  11:49  Pylon  
  125  11:54  Pylon  
  114  12:13  Zealot x7  
  124  12:16  Stalker x2  
  114  12:40  Nexus  
  114  12:43  Pylon  
  102  12:45  Pylon  
  91  12:53  Archon x2  
  91  13:06  Stalker x9  
  110  13:13  Observer  
  100  13:30  High Templar x4  
  100  13:31  Stalker x4  
  117  13:35  Observer  
  117  13:37  Shield Battery  
  117  13:38  Shield Battery  
  117  13:40  Shield Battery  
  117  13:43  Zealot  
  106  13:56  Observer, High Templar x4  
  106  14:01  Protoss Ground Weapons Level 3 (Chrono Boost)  
  106  14:02  Archon x2  
  112  14:12  Protoss Ground Armor Level 3 (Chrono Boost)  
  113  14:17  Observer  
  113  14:26  High Templar x4  
  121  14:40  Archon  
  121  14:43  Archon  
  113  14:45  High Templar x2  
  113  14:46  Zealot x3  
  119  15:05  Archon  
  109  15:12  Stalker x4  
  78  15:30  Immortal (Chrono Boost)  
  78  15:31  Stalker x5  
  90  15:44  Zealot x4  
  90  15:47  Photon Cannon  
  90  15:48  Photon Cannon  
  98  15:51  Photon Cannon  
  98  15:53  Photon Cannon  
  98  15:55  Stalker x5  
  86  16:13  Stalker x4  
  94  16:20  Stalker x5  
  82  16:51  High Templar x3  
  80  16:57  Archon  
Show
View Real Time Build Order
Export as new Build Order

SubN Zerg - Winner!

Build Orders: Pool First 

Get SALT Encoding   

  12  0:01  Drone  
  13  0:12  Overlord  
  13  0:17  Drone  
  14  0:31  Drone x2  
  14  0:34  Drone  
  17  0:45  Extractor  
  17  0:47  Spawning Pool  
  15  0:51  Drone  
  16  1:14  Hatchery  
  15  1:27  Drone  
  15  1:30  Drone  
  15  1:32  Overlord  
  17  1:38  Queen  
  19  1:42  Zergling x2  
  20  1:49  Zergling x2  
  21  2:00  Zergling x2  
  22  2:10  Drone  
  23  2:27  Hatchery  
  23  2:29  Drone x2  
  24  2:35  Metabolic Boost  
  24  2:38  Queen  
  24  2:42  Drone  
  27  2:44  Drone  
  27  2:49  Drone  
  29  2:55  Drone x2  
  31  3:01  Overlord  
  31  3:05  Drone  
  32  3:07  Drone  
  32  3:10  Drone  
  34  3:13  Drone  
  34  3:16  Drone  
  36  3:23  Queen  
  37  3:38  Drone  
  38  3:42  Drone x5  
  38  3:44  Queen  
  45  3:54  Drone x5  
  50  3:59  Drone, Extractor  
  50  4:00  Extractor  
  49  4:04  Lair  
  49  4:07  Drone  
  50  4:10  Overlord  
  50  4:19  Overlord  
  50  4:28  Overlord  
  50  4:37  Queen x2  
  50  4:38  Drone x2  
  55  4:39  Drone x2, Roach Warren  
  55  4:44  Drone  
  58  4:47  Drone, Extractor  
  58  4:48  Drone x2  
  58  4:51  Drone  
  61  4:55  Drone x2, Baneling Nest  
  62  5:00  Drone x2, Evolution Chamber  
  62  5:01  Evolution Chamber  
  62  5:02  Drone  
  62  5:05  Overlord  
  63  5:08  Overlord  
  63  5:12  Overlord  
  63  5:18  Glial Reconstitution  
  63  5:20  Roach  
  65  5:23  Overseer  
  65  5:29  Zerg Missile Weapons Level 1  
  65  5:40  Zerg Melee Weapons Level 1  
  65  5:41  Centrifugal Hooks  
  65  5:42  Roach x5  
  75  5:43  Roach  
  75  5:44  Zergling x2  
  75  5:45  Zergling x2  
  75  5:47  Zergling x2  
  80  5:53  Queen  
  77  6:11  Zergling x2  
  77  6:12  Zergling x8  
  77  6:15  Overlord x4  
  77  6:16  Overlord  
  82  6:22  Spire  
  81  6:25  Drone  
  81  6:27  Overlord, Spine Crawler  
  80  6:52  Drone x15  
  95  6:56  Extractor x2  
  93  7:05  Baneling x7  
  93  7:08  Drone x7  
  100  7:30  Overlord x2  
  100  7:31  Spore Crawler  
  98  7:38  Zergling x2  
  98  7:39  Zergling x20  
  98  7:40  Queen  
  98  7:41  Hatchery  
  98  7:43  Queen  
  112  7:50  Roach x4  
  120  8:02  Mutalisk x4  
  120  8:03  Mutalisk  
  130  8:06  Overseer  
  130  8:07  Overseer  
  130  8:13  Spore Crawler  
  117  8:28  Roach  
  117  8:29  Roach x11  
  138  8:39  Zerg Melee Weapons Level 2, Zerg Missile Weapons Level 2  
  138  8:40  Mutalisk x3  
  141  8:48  Drone x3  
  144  8:51  Mutalisk  
  144  8:54  Mutalisk  
  144  8:55  Mutalisk x2  
  148  9:07  Overlord x4  
  148  9:10  Mutalisk x2  
  148  9:16  Overlord x3  
  152  9:38  Drone x2  
  152  9:39  Drone x9  
  152  9:41  Extractor, Infestation Pit  
  152  9:42  Queen  
  163  9:48  Drone x2  
  165  10:03  Spore Crawler  
  160  10:31  Drone  
  160  10:32  Drone x2  
  160  10:33  Drone  
  160  10:35  Drone x3  
  167  10:36  Extractor  
  167  10:42  Hive  
  154  10:43  Pneumatized Carapace  
  154  10:47  Zergling x2  
  154  10:48  Zergling x34  
  170  10:55  Zerg Ground Armor Level 1, Ravager  
  170  10:56  Ravager x20  
  191  11:00  Zergling x2  
  192  11:14  Overseer  
  192  11:23  Spore Crawler x2  
  190  11:26  Hatchery  
  190  11:29  Extractor x2  
  179  11:58  Viper x3  
  179  11:59  Viper x3  
  194  12:02  Corruptor  
  194  12:05  Corruptor  
  198  12:19  Overlord  
  198  12:20  Overlord  
  198  12:21  Overlord  
  184  12:39  Drone  
  184  12:40  Drone x2  
  168  12:50  Zergling x14  
  168  12:51  Zergling x36  
  150  12:56  Zerg Melee Weapons Level 3, Zerg Missile Weapons Level 3  
  147  12:59  Adrenal Glands  
  147  13:02  Greater Spire  
  145  13:05  Ultralisk Cavern  
  145  13:06  Corruptor  
  145  13:07  Corruptor x3  
  145  13:10  Zergling x14  
  145  13:11  Zergling x4  
  161  13:13  Baneling x6  
  161  13:24  Zergling x2  
  161  13:25  Zergling x10  
  149  13:33  Queen  
  149  13:35  Zergling x6  
  149  13:38  Baneling x3  
  149  13:39  Baneling  
  144  14:03  Drone  
  144  14:04  Drone  
  143  14:12  Ultralisk x5  
  143  14:14  Corruptor x2  
  177  14:20  Hatchery  
  177  14:23  Drone x4  
  177  14:24  Drone x2  
  180  14:45  Ultralisk x3  
  188  14:52  Brood Lord  
  188  15:05  Anabolic Synthesis  
  170  15:26  Ultralisk x2  
  176  15:30  Brood Lord  
  176  15:33  Queen  
  176  15:35  Drone x3  
  177  15:45  Ultralisk  
  180  16:08  Brood Lord x3  
  180  16:09  Brood Lord  
  182  16:13  Zergling x2  
  182  16:14  Zergling x30  
  182  16:15  Zergling x14  
  195  16:42  Hatchery  
  195  16:43  Extractor  
  195  16:46  Extractor  
Tags
 
Add a new tag
Caveats
  • Supply blocks, unpowered buildings, or Contaminate may cause inaccurate times.
  • Supply counts are checked every 10 seconds.